 Dungeon Crawl Stone Soup version 0.24-a0-290-gbb66a67 (webtiles) character file.

Game seed: 2109052824910396554

1346 mortelune the Firebug (level 8, 0/67 HPs)
             Began as a Red Draconian Fire Elementalist on May 8, 2019.
             Was a Follower of Vehumet.
             Succumbed to a killer bee's poison
             ... on level 5 of the Dungeon.
             The game lasted 00:22:14 (8033 turns).

mortelune the Firebug (DrFE)                        Turns: 8033, Time: 00:22:14

Health: 0/67       AC:  7    Str: 11    XL:     8   Next: 36%
Magic:  7/14       EV: 13    Int: 18    God:    Vehumet [*.....]
Gold:   409        SH:  0    Dex: 11    Spells: 6/16 levels left

rFire    + . .     SeeInvis .   u - +2 hand axe (chop)
rCold    . . .     Gourm    +   (no shield)
rNeg     . . .     Faith    .   (armour unavailable)
rPois    .         Spirit   .   (helmet restricted)
rElec    .         Reflect  .   (no cloak)
rCorr    .         Harm     .   l - +0 pair of gloves
MR       .....                  (no boots)
Stlth    ++........             s - amulet of the gourmand
HPRegen  0.21/turn              (no ring)
MPRegen  0.14/turn              (no ring)

@: lethally poisoned (0 -> -1), berserk cooldown, very slightly contaminated,
slowed, very slow
A: breathe fire, unfitting armour, fire resistance 1, cold-blooded, AC +6
a: Breathe Fire, Renounce Religion


You were on level 5 of the Dungeon.
You worshipped Vehumet.
Vehumet was aware of your devotion.
You were not hungry.

You visited 2 branches of the dungeon, and saw 7 of its levels.

You collected 409 gold pieces.

Inventory:

Hand Weapons
 d - a +0 short sword
 e - a +0 mace
 u - a +2 hand axe of chopping (weapon)
Missiles
 m - 9 javelins (quivered)
Armour
 l - a +0 pair of gloves (worn)
Jewellery
 s - an amulet of the gourmand (around neck)
 z - a cursed ring of wizardry {unknown}
Wands
 k - a wand of flame (24)
 w - a wand of digging (4)
Scrolls
 a - a scroll of magic mapping {unknown}
 g - a scroll of amnesia {unknown}
 h - 4 scrolls of remove curse
 i - 2 scrolls of fog
 n - a scroll of fear {unknown}
 p - 2 scrolls of identify
 q - 2 scrolls of enchant armour {unknown}
 y - a scroll of blinking {unknown}
Potions
 c - a potion of magic
 j - 2 potions of brilliance
 o - a potion of berserk rage
 t - a potion of cancellation
Comestibles
 b - 13 rations


   Skills:
 + Level 4.8 Fighting
 + Level 3.7 Dodging
 - Level 1.7 Stealth
 + Level 4.6 Spellcasting
 + Level 5.0 Conjurations
 + Level 6.7 Fire Magic


You had 6 spell levels left.
You knew the following spells:

 Your Spells              Type           Power        Failure   Level  Hunger
a - Flame Tongue          Conj/Fire      ####.        1%          1    None
b - Throw Flame           Conj/Fire      ####..       1%          2    #......
c - Conjure Flame         Conj/Fire      ####....     3%          3    ###....
d - Sticky Flame          Conj/Fire      ####....     12%         4    ####...

Your spell library contained the following spells:

 Spells                   Type           Power        Failure   Level  Hunger
 Freeze                   Ice            #...         14%         1    None
 Inner Flame              Hex/Fire       ###.....     11%         3    ###....
 Fireball                 Conj/Fire      ####......   34%         5    ######.


Dungeon Overview and Level Annotations

Branches:
Dungeon (6/15)             Temple (1/1) D:5

Altars:
Ashenzari
Cheibriados
Dithmenos
Elyvilon
Fedhas
Gozag
Hepliaklqana
Kikubaaqudgha
Makhleb
Nemelex Xobeh
Okawaru
Qazlal
Ru
Trog
Uskayaw
Vehumet
Wu Jian
Xom
Yredelemnul
Zin
The Shining One


Innate Abilities, Weirdness & Mutations

You can breathe blasts of fire.
Your fiery red scales are hard. (AC +6)
You cannot fit into any form of body armour.
Your flesh is heat resistant. (rF+)
You are cold-blooded and may be slowed by cold attacks.


Message History

You feel sick.
Okay, then.
* * * LOW HITPOINT WARNING * * *
You feel sick.
* * * LOW HITPOINT WARNING * * *
You feel sick.
* * * LOW HITPOINT WARNING * * *
You feel sick.
* * * LOW HITPOINT WARNING * * *
You feel sick.
Your transformation is almost over.
* * * LOW HITPOINT WARNING * * *
You feel sick.
You flicker for a moment.
* * * LOW HITPOINT WARNING * * *
You feel sick.
You feel less wooden.
Your +0 pair of gloves unmelds from your body.
You flicker back into view.
You die...

### ### ####.# #.# ##.#.## ##.#
####.@†## ##..## # #######
#...†.## ##....## ## #.....##
##....# ###......####.
#.####.######...####....####....#
#.###......>.....##....## ##..##
#.#...............#...## ##..#
#.#...............##### ##...##
#...>.............# ##..##.#
#................## ##.#####.


There were no monsters in sight!

Vanquished Creatures
  A sky beast (D:6)
  3 ogres
  2 phantoms (D:4)
  A centaur (D:6)
  2 bullfrogs (D:6)
  3 killer bees (D:5)
  A crimson imp (D:6)
  An orc priest (D:5)
  An orc wizard (D:5)
  A centaur skeleton (D:4)
  A bullfrog skeleton (D:4)
  3 iguanas
  Natasha (thrice) (D:2)
  A worker ant (D:4)
  A howler monkey skeleton (D:4)
  2 adders
  A gnoll (D:3)
  A shadow imp (D:5)
  An ooze (D:2)
  2 worms
  3 dart slugs
  8 leopard geckos
  8 orcs
  5 giant cockroaches
  9 goblins
  10 hobgoblins
  11 jackals
  2 quokkas
  3 ball pythons
  10 bats
  6 frilled lizards
  A jackal skeleton (D:4)
  A jackal zombie (D:4)
  6 kobolds
  A quokka skeleton (D:4)
  8 rats
124 creatures vanquished.

Vanquished Creatures (others)
  A hobgoblin (D:1)
1 creature vanquished.

Grand Total: 125 creatures vanquished

Notes
Turn   | Place    | Note
-------+----------+-------------------------------------------
     0 | D:1      | mortelune the Draconian Fire Elementalist began the quest
                  | for the Orb.
     0 | D:1      | Reached XP level 1. HP: 14/14 MP: 3/3
   441 | D:1      | Reached XP level 2. HP: 22/22 MP: 1/5
   445 | D:1      | Learned a level 2 spell: Throw Flame
   982 | D:1      | Reached skill level 1 in Fighting
  1596 | D:2      | Reached XP level 3. HP: 28/28 MP: 3/6
  1653 | D:2      | Learned a level 3 spell: Conjure Flame
  2005 | D:2      | Noticed Natasha
  2019 | D:2      | Killed Natasha
  2019 | D:2      | Reached XP level 4. HP: 30/35 MP: 0/7
  2127 | D:2      | Noticed Natasha
  2374 | D:2      | Killed Natasha
  2451 | D:2      | Noticed Natasha
  2461 | D:2      | Killed Natasha
  2543 | D:2      | Reached XP level 5. HP: 35/41 MP: 5/9
  4192 | D:4      | Reached skill level 4 in Fire Magic
  4276 | D:4      | Learned a level 4 spell: Sticky Flame
  4277 | D:4      | Noticed a phantom
  4286 | D:4      | Noticed an ogre
  4624 | D:5      | Entered Level 5 of the Dungeon
  4654 | D:5      | Found a staircase to the Ecumenical Temple.
  4665 | Temple   | Entered the Ecumenical Temple
  4784 | Temple   | Became a worshipper of Vehumet
  5009 | D:5      | Reached XP level 6. HP: 26/50 MP: 1/10
  6459 | D:4      | Your scales start taking on a fiery red colour.
  6459 | D:4      | Reached skill level 5 in Fire Magic
  6459 | D:4      | Reached XP level 7. HP: 57/57 MP: 0/12
  6459 | D:4      | Gained mutation: Your flesh is heat resistant. (rF+) [Red
                  | Draconian growth]
  6885 | D:4      | Reached skill level 6 in Fire Magic
  7484 | D:6      | Reached * piety under Vehumet
  7484 | D:6      | Offered knowledge of Freeze by Vehumet.
  7484 | D:6      | Reached XP level 8. HP: 34/67 MP: 1/14
  8006 | D:5      | Reached skill level 5 in Conjurations
  8015 | D:5      | HP: 4/100 [poisoned by a killer bee]
  8020 | D:5      | HP: 2/100 [poisoned by a killer bee]
  8025 | D:5      | HP: 1/100 [poisoned by a killer bee]
  8030 | D:5      | HP: 1/100 [poisoned by a killer bee]
  8033 | D:5      | Succumbed to a killer bee's poison

Levels and vault maps discovered:
D:1:      matt_arrival_los_fun, layout_loops_ring, lemuel_old_faithful
D:2:      layout_basic, first_ration, uniq_natasha
D:3:      minmay_diamond_boxcup, layout_loops_ring
D:4:      layout_rooms
D:5:      layout_layer_cave, minmay_temple_entry_glassed_door,
          kennysheep_nondescript
D:6:      layout_cave_pods, grunt_dithmenos_shadows
Temple:   kilobyte_greek_temple

Skill      XL: |  1  2  3  4  5  6  7  8 |
---------------+-------------------------+-----
Fighting       | 1 2 3 4 |  4.8
Conjurations   | 2 3 4 5 |  5.0
Spellcasting   | 3 4 |  4.6
Fire Magic     | 4 5 6 |  6.7
Dodging        | 2 3 |  3.7
Stealth        | |  1.7

Action                   |  1- 3 |  4- 6 |  7- 9 || total
-------------------------+-------+-------+-------++-------
Melee: Short sword       |     3 |       |       ||     3
       Mace              |    13 |    21 |       ||    34
       Tailslap          |     3 |     3 |     2 ||     8
       Hand axe          |       |     9 |    19 ||    28
Throw: Javelin           |     1 |       |       ||     1
 Cast: Flame Tongue      |    48 |    78 |    40 ||   166
       Throw Flame       |    20 |    62 |    10 ||    92
       Sticky Flame      |       |     7 |     9 ||    16
       Conjure Flame     |       |       |     1 ||     1
 Abil: Breathe Fire      |       |       |     1 ||     1
  Use: Scroll            |       |     7 |     3 ||    10
       Potion            |       |       |     6 ||     6
  Eat: Chunk             |     5 |    14 |     9 ||    28
       Ration            |       |     1 |     1 ||     2
Armor: Skin              |     9 |    14 |    34 ||    57
Dodge: Dodged            |    24 |    41 |    54 ||   119

Table legend:
 A = Non-vault XP
 B = Vault XP
 C = Vault XP percentage of total XP
 D = Non-vault monster count
 E = Vault monster count
 F = Vault count percentage of total count
                 A         B        C        D         E       F
            +---------+---------+-------+---------+---------+-------
      Total |    1866 |      58 |   3.0 |     117 |       7 |   5.6
            +---------+---------+-------+---------+---------+-------
        D:1 |      39 |       0 |   0.0 |      20 |       0 |   0.0
        D:2 |     127 |      35 |  21.6 |      23 |       1 |   4.2
        D:3 |      52 |      23 |  30.7 |      29 |       6 |  17.1
        D:4 |     540 |       0 |   0.0 |      16 |       0 |   0.0
        D:5 |     515 |       0 |   0.0 |      18 |       0 |   0.0
        D:6 |     593 |       0 |   0.0 |      11 |       0 |   0.0
            +---------+---------+-------+---------+---------+-------
